[Event "ICC tourney 2579 (30 10)"]
[Site "Internet Chess Club"]
[Date "2021.05.23"]
[Round "6"]
[White "SONI, ARJUN:turtle6"]
[Black "Hanke, Harvey:ThinkingPanda"]
[Result "0-1"]
[ICCResult "White checkmated"]
[WhiteElo "1675"]
[BlackElo "1421"]
[Opening "Giuoco Piano"]
[ECO "C54"]
[NIC "IG.02"]
[Time "13:01:09"]
[PlyCount "186"]
[TimeControl "1800+10"]

1. e4 e5 2. Nf3 Nc6 3. Bc4 Bc5 4. c3 Nf6 5. d4 exd4 6. e5 d5 7. Bb5 Ne4 8.
cxd4 Bb6 9. O-O O-O 10. Nc3 Bg4 11. h3 Bxf3 12. Qxf3 Nxd4 13. Qd3 Nxc3 14.
bxc3 Nxb5 15. Qxb5 c6 16. Qd3 Re8 17. Re1 f6 18. e6 Qd6 19. c4 Rxe6 20. Ba3
Rxe1+ 21. Rxe1 Qf4 22. c5 Bc7 23. g3 Qc4 24. Qd2 Be5 25. Rb1 Rb8 26. Kh2
Kf7 27. f4 Bc3 28. Qc2 Qe4 29. Qxe4 dxe4 30. Rc1 Ba5 31. Rc4 f5 32. Bc1 Rd8
33. Kg2 Rd3 34. Kf2 Rf3+ 35. Kg2 Be1 36. g4 g6 37. Rd4 Ke7 38. gxf5 gxf5
39. Rd6 Rc3 40. Rd1 Rc2+ 41. Kf1 Bh4 42. Be3 Rxa2 43. Rb1 Kd8 44. Rxb7 Be7
45. Rb8+ Kd7 46. Rh8 a5 47. Rxh7 a4 48. Bd4 Ke6 49. h4 a3 50. h5 Rd2 51.
Be5 Bxc5 52. h6 a2 53. Rh8 Rd1+ 54. Kg2 Rg1+ 55. Kh2 a1=Q 56. Bxa1 Rxa1 57.
Re8+ Kf7 58. h7 Bd4 59. h8=Q Bxh8 60. Rxh8 Ra5 61. Rc8 c5 62. Kg2 Ke6 63.
Kf2 Kd5 64. Rd8+ Kc6 65. Rc8+ Kd7 66. Rf8 c4 67. Rf7+ Kd6 68. Rf6+ Kc7 69.
Rf7+ Kd6 70. Rf6+ Ke7 71. Rc6 Ra4 72. Rc5 Ke6 73. Ke3 Kf6 74. Rc6+ Ke7 75.
Rc5 Ke6 76. Rc6+ Kd5 77. Rc8 Ra3+ 78. Kd2 e3+ 79. Ke2 Rd3 80. Rc7 Rc3 81.
Re7 Kd4 82. Re5 Rc2+ 83. Kd1 Kd3 84. Rxf5 e2+ 85. Ke1 Rc1+ 86. Kf2 e1=Q+
87. Kg2 Qf1+ 88. Kh2 Qf2+ 89. Kh3 Rh1+ 90. Kg4 Qh4+ 91. Kf3 Rf1+ 92. Kg2
Rf2+ 93. Kg1 Qh2# { White checkmated } 0-1

[Event "ICC tourney 2579 (30 10)"]
[Site "Internet Chess Club"]
[Date "2021.05.23"]
[Round "6"]
[White "JIN, DAVID:smartgoldfish"]
[Black "Kumar, Agrim:agrimjax1"]
[Result "0-1"]
[ICCResult "White checkmated"]
[WhiteElo "1400"]
[BlackElo "1517"]
[Opening "Sicilian: Najdorf, Lipnitzky attack"]
[ECO "B86"]
[NIC "SI.13"]
[Time "13:01:15"]
[PlyCount "142"]
[TimeControl "1800+10"]

1. e4 c5 2. Nf3 d6 3. d4 cxd4 4. Nxd4 Nf6 5. Nc3 a6 6. Bc4 e6 7. O-O Be7 8.
a4 O-O 9. f4 Qc7 10. Bb3 Re8 11. Qe2 Bf8 12. e5 dxe5 13. fxe5 Nfd7 14. Bf4
Bc5 15. Rad1 Nc6 16. Qf2 Nxd4 17. Rxd4 Bxd4 18. Qxd4 Qc5 19. Ne2 Qxd4+ 20.
Nxd4 Nc5 21. Rd1 b6 22. c3 Bb7 23. Bc2 h6 24. b4 Ne4 25. Rd3 Rac8 26. Re3
Nxc3 27. Rg3 Kf8 28. b5 axb5 29. axb5 Nd5 30. Bc1 Ra8 31. Bh7 Ra1 32. Nb3
Rc8 33. Nxa1 Rxc1+ 34. Kf2 Rxa1 35. Be4 Ra2+ 36. Kg1 Rb2 37. Rf3 Rxb5 38.
Bg6 Nf6 39. Rc3 Rxe5 40. Bxf7 Kxf7 41. Rc7+ Kg6 42. Rxb7 b5 43. Kf2 Ng4+
44. Kg3 Ne3 45. Kf4 Kf6 46. g4 Nd5+ 47. Kf3 b4 48. h4 Re3+ 49. Kf2 Rc3 50.
Ke2 b3 51. Kd2 Rc2+ 52. Kd1 Ne3+ 53. Ke1 b2 54. g5+ hxg5 55. hxg5+ Kf5 56.
Rb5+ e5 57. g6 Rc1+ 58. Kf2 b1=Q 59. Rxb1 Rxb1 60. Kxe3 Rb3+ 61. Ke2 Ke4
62. Kd2 Rd3+ 63. Ke2 Kd4 64. Kf2 Re3 65. Kf1 Kd3 66. Kf2 Kd2 67. Kg2 Ke2
68. Kg1 Kf3 69. Kf1 Ra3 70. Ke1 Rd3 71. Kf1 Rd1# { White checkmated } 0-1

[Event "ICC tourney 2579 (30 10)"]
[Site "Internet Chess Club"]
[Date "2021.05.23"]
[Round "7"]
[White "XIA, JOSHUA:MathMonkey"]
[Black "SONI, ARJUN:turtle6"]
[Result "1-0"]
[ICCResult "Black resigns"]
[WhiteElo "1381"]
[BlackElo "1675"]
[Opening "Ruy Lopez: closed defense"]
[ECO "C84"]
[NIC "RL.13"]
[Time "15:00:38"]
[PlyCount "45"]
[TimeControl "1800+10"]

1. e4 e5 2. Nf3 Nc6 3. Bb5 a6 4. Ba4 Nf6 5. O-O Be7 6. c3 b5 7. Bc2 O-O 8.
d4 d6 9. h3 Bb7 10. Re1 Re8 11. Nbd2 Bf8 12. Nf1 Nb8 13. Bg5 h6 14. Bh4
exd4 15. cxd4 Be7 16. Bxf6 Bxf6 17. Ng3 Nc6 18. a3 d5 19. e5 Be7 20. Qd3 g6
21. e6 Qd6 22. Nf5 Kh7 23. Nxd6 { Black resigns } 1-0

[Event "ICC tourney 2579 (30 10)"]
[Site "Internet Chess Club"]
[Date "2021.05.23"]
[Round "7"]
[White "BAUTISTA, LUIS VINCENT:harrymanoc"]
[Black "SURESH, ARJUN:dolphinday"]
[Result "0-1"]
[ICCResult "White resigns"]
[WhiteElo "625"]
[BlackElo "1120"]
[Opening "Caro-Kann defense"]
[ECO "B11"]
[NIC "CK.01"]
[Time "15:00:33"]
[PlyCount "70"]
[TimeControl "1800+10"]

1. e4 c6 2. Nc3 d5 3. exd5 cxd5 4. d4 Nf6 5. Nf3 Nc6 6. Bf4 Qb6 7. Nb5 e5
8. dxe5 Nh5 9. Bg5 a6 10. g4 Bxg4 11. Be2 axb5 12. Qxd5 Be7 13. Bxb5 Bxf3
14. Qxf3 Qxb5 15. Qxh5 Qxe5+ 16. Kd1 Rd8+ 17. Kc1 Qxg5+ 18. Qxg5 Bxg5+ 19.
Kb1 O-O 20. a3 Nd4 21. h4 Bh6 22. h5 Rfe8 23. Ka2 Re2 24. Rhf1 Nxc2 25.
Rac1 Bxc1 26. Rxc1 Rc8 27. Rd1 h6 28. Rd7 Ne1 29. Rxb7 Rcc2 30. a4 Nd3 31.
a5 Rxb2+ 32. Ka3 Rxb7 33. a6 Ra7 34. Ka4 Rb2 35. Ka5 Nc5 { White resigns }
0-1

[Event "ICC tourney 2579 (30 10)"]
[Site "Internet Chess Club"]
[Date "2021.05.23"]
[Round "7"]
[White "XIAO, MICHAEL:michaelxiao"]
[Black "TISMINEZKY, TAVI:tavit2"]
[Result "0-1"]
[ICCResult "White resigns"]
[WhiteElo "1297"]
[BlackElo "1027"]
[Opening "Four knights: Italian variation"]
[ECO "C55"]
[NIC "IG.01"]
[Time "15:00:41"]
[PlyCount "74"]
[TimeControl "1800+10"]

1. e4 e5 2. Nf3 Nc6 3. Bc4 Nf6 4. Nc3 Nxe4 5. Nxe4 d5 6. Bd3 dxe4 7. Bxe4
Bd6 8. O-O O-O 9. d3 f5 10. Bxc6 bxc6 11. Re1 Re8 12. b3 f4 13. Bb2 Bg4 14.
h3 Bh5 15. Kh1 Bb4 16. Rxe5 Rxe5 17. Bxe5 Qe7 18. Bxf4 Qf6 19. Bg3 Bxf3 20.
gxf3 Bc3 21. Rc1 Be5 22. Qg1 Qxf3+ 23. Kh2 Bf4 24. Bxf4 Qxf4+ 25. Kh1 Rf8
26. Rf1 Qh4 27. Qg2 Rf4 28. Rg1 g6 29. Rf1 g5 30. f3 h5 31. Kg1 Rf5 32. a4
Qd4+ 33. Kh1 Kg7 34. f4 Qd5 35. Qxd5 cxd5 36. fxg5 Rxf1+ 37. Kg2 Rc1 {
White resigns } 0-1

[Event "ICC tourney 2579 (30 10)"]
[Site "Internet Chess Club"]
[Date "2021.05.23"]
[Round "7"]
[White "SRIRAM, SHRAVAN:chickenlord999"]
[Black "LIAO, CONNOR:che2468"]
[Result "1-0"]
[ICCResult "Black checkmated"]
[WhiteElo "1522"]
[BlackElo "1423"]
[Opening "QGD: Cambridge Springs defense, Capablanca variation"]
[ECO "D52"]
[NIC "QO.15"]
[Time "15:00:35"]
[PlyCount "99"]
[TimeControl "1800+10"]

1. d4 d5 2. c4 c6 3. Nc3 Nf6 4. Nf3 e6 5. Bg5 Nbd7 6. e3 Qa5 7. Bxf6 Nxf6
8. c5 Be7 9. Bd3 O-O 10. O-O Qc7 11. Ne5 Nd7 12. f4 f5 13. Rf3 Nf6 14. Rg3
Ne4 15. Bxe4 fxe4 16. Qg4 Bf6 17. b4 a6 18. Na4 Bxe5 19. fxe5 Qf7 20. h3 g6
21. Nb6 Qf5 22. Qxf5 exf5 23. Nxa8 Be6 24. Nc7 Bd7 25. e6 Be8 26. e7 Rf7
27. Nxe8 Rxe7 28. Nd6 Rc7 29. Nxf5 Kf7 30. Nd6+ Kg7 31. Rf1 h6 32. Ne8+ Kg8
33. Rxg6+ Kh7 34. Nxc7 Kxg6 35. Rf8 Kg7 36. Rb8 a5 37. Rxb7 axb4 38. Nxd5+
Kh8 39. Nxb4 h5 40. Kf2 h4 41. g3 hxg3+ 42. Kxg3 Kg8 43. Nd5 Kf8 44. Kf4
Ke8 45. Ke5 Kd8 46. Kd6 Kc8 47. Rh7 Kb8 48. Kxc6 Ka8 49. Nb6+ Kb8 50. Rb7#
{ Black checkmated } 1-0

[Event "ICC tourney 2579 (30 10)"]
[Site "Internet Chess Club"]
[Date "2021.05.23"]
[Round "7"]
[White "VIDENA, DANIEL TUAPEN:Davide25"]
[Black "Ma, Tristan:xiaobear"]
[Result "1-0"]
[ICCResult "Black resigns"]
[WhiteElo "1528"]
[BlackElo "1353"]
[Opening "QGD: Orthodox defense, Botvinnik variation"]
[ECO "D60"]
[NIC "QO.12"]
[Time "15:00:50"]
[PlyCount "43"]
[TimeControl "1800+10"]

1. d4 d5 2. c4 e6 3. Nc3 Nf6 4. Bg5 Be7 5. e3 O-O 6. Nf3 Nbd7 7. Bd3 b6 8.
O-O Bb7 9. Rc1 c5 10. cxd5 exd5 11. Qe2 c4 12. Bb1 Rc8 13. Rfe1 h6 14. Bf4
Bb4 15. Bf5 Ra8 16. Red1 Re8 17. Nb5 Ne4 18. Nc7 c3 19. Nxe8 Qxe8 20. Bxe4
cxb2 21. Qxb2 Qxe4 22. Qxb4 { Black resigns } 1-0

[Event "ICC tourney 2579 (30 10)"]
[Site "Internet Chess Club"]
[Date "2021.05.23"]
[Round "7"]
[White "CHERUKURI, NITESH:Niteshc"]
[Black "VENKATESH, NARAYAN:narayan0811"]
[Result "0-1"]
[ICCResult "White checkmated"]
[WhiteElo "1746"]
[BlackElo "1040"]
[Opening "French: Winawer, classical variation"]
[ECO "C18"]
[NIC "FR.11"]
[Time "15:00:35"]
[PlyCount "90"]
[TimeControl "1800+10"]

1. e4 e6 2. d4 d5 3. Nc3 Bb4 4. e5 c5 5. a3 Bxc3+ 6. bxc3 Qc7 7. Nf3 b6 8.
Bd3 Ba6 9. O-O Bxd3 10. Qxd3 Ne7 11. Nh4 Nbc6 12. dxc5 bxc5 13. f4 O-O 14.
Qh3 d4 15. g4 Nd5 16. c4 Nb6 17. Qd3 Na5 18. f5 Naxc4 19. f6 Qxe5 20. g5
Ne3 21. fxg7 Qxg5+ 22. Kh1 Qd5+ 23. Kg1 Kxg7 24. Rf3 Kh8 25. Rh3 Rg8+ 26.
Kf2 Rg2+ 27. Ke1 Rg1+ 28. Ke2 Qh5+ 29. Kf2 Rf1+ 30. Qxf1 Nxf1 31. Kxf1 Qd1+
32. Kf2 Qxc2+ 33. Kf1 Rg8 34. Bg5 Rxg5 35. Rg3 Rxg3 36. hxg3 Qc3 37. a4
Qxa1+ 38. Kg2 Qxa4 39. g4 Qc2+ 40. Kh3 d3 41. g5 d2 42. g6 hxg6 43. Nxg6+
Qxg6 44. Kh2 d1=Q 45. Kh3 Qh1# { White checkmated } 0-1

[Event "ICC tourney 2579 (30 10)"]
[Site "Internet Chess Club"]
[Date "2021.05.23"]
[Round "7"]
[White "JIN, DAVID:smartgoldfish"]
[Black "XIAO, MARINA:marinaxiao"]
[Result "0-1"]
[ICCResult "White checkmated"]
[WhiteElo "1400"]
[BlackElo "1547"]
[Opening "Sicilian: Pelikan (Lasker/Sveshnikov) variation"]
[ECO "B33"]
[NIC "SI.35"]
[Time "15:00:39"]
[PlyCount "94"]
[TimeControl "1800+10"]

1. e4 c5 2. Nf3 Nc6 3. d4 cxd4 4. Nxd4 Nf6 5. Nc3 e5 6. Nf3 Bb4 7. Bd3 O-O
8. O-O d6 9. Bg5 Bxc3 10. bxc3 Qe7 11. Qd2 Nd8 12. Bh4 Ne6 13. Rad1 Nf4 14.
Rfe1 h6 15. Bc4 Rd8 16. Bg3 Ng6 17. h3 Nh5 18. Kh2 Nhf4 19. Qe3 Qf6 20. Rd2
Kf8 21. Red1 Kg8 22. Bb3 b6 23. Nxe5 Qxe5 24. Rd5 Qf6 25. e5 Qf5 26. exd6
Nxd5 27. Bxd5 Rb8 28. d7 Bxd7 29. Bxb8 Rxb8 30. Be4 Qe5+ 31. Kg1 Bf5 32. f3
Bxe4 33. fxe4 Re8 34. Rd4 Ne7 35. Qf3 Qc5 36. Kh1 Ng6 37. Rd5 Qc4 38. a3
Qxe4 39. Rd8 Qe1+ 40. Kh2 Rxd8 41. Qc6 Qe5+ 42. Kg1 Rd1+ 43. Kf2 Qe1+ 44.
Kf3 Ne5+ 45. Kf4 Nxc6 46. a4 g5+ 47. Kf3 Ne5# { White checkmated } 0-1

[Event "ICC tourney 2579 (30 10)"]
[Site "Internet Chess Club"]
[Date "2021.05.23"]
[Round "7"]
[White "HEBBAR, ESHAAN:solveur"]
[Black "LI, IRIS:irisl"]
[Result "0-1"]
[ICCResult "White checkmated"]
[WhiteElo "1658"]
[BlackElo "1482"]
[Opening "QGD Slav: 4.Nc3"]
[ECO "D15"]
[NIC "SL.03"]
[Time "15:00:32"]
[PlyCount "108"]
[TimeControl "1800+10"]

1. d4 d5 2. c4 c6 3. Nc3 Nf6 4. Nf3 a6 5. Bf4 dxc4 6. a4 e6 7. e3 Nd5 8.
Bg5 Nxc3 9. bxc3 f6 10. Bh4 b5 11. axb5 cxb5 12. Ne5 Qd5 13. Be2 fxe5 14.
Bh5+ g6 15. Qg4 exd4 16. Bxg6+ hxg6 17. Qxg6+ Kd7 18. Bf6 Qh5 19. Qe4 Nc6
20. Bxh8 Qxh8 21. exd4 Bb7 22. O-O Bd6 23. g3 Qh3 24. f4 Rh8 25. Ra2 Nd8
26. Qe2 Be7 27. Re1 Bh4 28. Qf1 Bxg3 29. Qxh3 Rxh3 30. Rf1 Bh4 31. Rc2 Be4
32. Rcc1 Bd3 33. Rfd1 Nc6 34. Ra1 a5 35. Ra2 b4 36. cxb4 axb4 37. Rb2 c3
38. Rg2 b3 39. d5 exd5 40. f5 c2 41. Rc1 b2 42. Rgxc2 Bxc2 43. Rb1 Bxb1 44.
f6 Bg6 45. f7 b1=Q+ 46. Kg2 Rxh2+ 47. Kxh2 Bxf7 48. Kg2 Qe4+ 49. Kg1 Qe1+
50. Kg2 Qf2+ 51. Kh1 Qf3+ 52. Kh2 d4 53. Kg1 Qf2+ 54. Kh1 Bd5# { White
checkmated } 0-1

[Event "ICC tourney 2579 (30 10)"]
[Site "Internet Chess Club"]
[Date "2021.05.23"]
[Round "7"]
[White "HUANG, IVAN:ihuang"]
[Black "WADUTHANTHREE, THIHANSA OVINDEE:thihansa"]
[Result "1-0"]
[ICCResult "Black forfeits on time"]
[WhiteElo "1462"]
[BlackElo "1311"]
[Opening "French: Steinitz variation"]
[ECO "C11"]
[NIC "FR.04"]
[Time "15:00:37"]
[PlyCount "107"]
[TimeControl "1800+10"]

1. e4 e6 2. d4 d5 3. Nc3 Nf6 4. e5 Nfd7 5. f4 a6 6. Nf3 c5 7. Bd3 Nc6 8.
Ne2 b5 9. c3 Be7 10. h3 Bb7 11. Bd2 Qb6 12. a3 O-O-O 13. a4 b4 14. a5 Nxa5
15. Qa4 Nc4 16. Bxc4 dxc4 17. O-O Kc7 18. cxb4 cxb4 19. Rac1 Bd5 20. Ng5
Rdf8 21. Ra1 Nb8 22. Be3 h6 23. Nf3 Qc6 24. Qc2 Be4 25. Qd2 Nd7 26. Ng3 Bd5
27. Qe2 Ra8 28. Rfc1 Nb6 29. f5 a5 30. Bf4 c3 31. bxc3 bxc3 32. Qd3 Bb4 33.
fxe6 fxe6 34. Ne2 Be4 35. Qe3 Nc4 36. Qf2 Nb2 37. Qe3 Nd3 38. Rd1 c2 39.
Rxd3 Bxd3 40. Qxd3 Kd7 41. Rc1 Rac8 42. Bd2 Ba3 43. Rf1 Bb4 44. Rc1 Bxd2
45. Qxd2 a4 46. Ne1 Rc7 47. Rxc2 Qb7 48. Ra2 Qa7 49. Nd3 Rb8 50. Nc5+ Ke7
51. Rxa4 Qb6 52. Ra6 Qb1+ 53. Kh2 Rb6 54. Nc3 { Black forfeits on time }
1-0

[Event "ICC tourney 2579 (30 10)"]
[Site "Internet Chess Club"]
[Date "2021.05.23"]
[Round "7"]
[White "Hanke, Harvey:ThinkingPanda"]
[Black "ZHANG, MULAN JIEMIN:Mulan2009"]
[Result "0-1"]
[ICCResult "White checkmated"]
[WhiteElo "1421"]
[BlackElo "1656"]
[Opening "French: exchange variation"]
[ECO "C01"]
[NIC "FR.01"]
[Time "15:00:51"]
[PlyCount "150"]
[TimeControl "1800+10"]

1. e4 e6 2. d4 d5 3. exd5 exd5 4. Nf3 Nf6 5. Bd3 Bd6 6. O-O O-O 7. h3 h6 8.
Re1 Be6 9. Nc3 c6 10. Ne5 Nh7 11. Bf4 Bxe5 12. Bxe5 Nd7 13. Bg3 Kh8 14. Ne2
Ng5 15. Nf4 Nf6 16. Bh4 Nd7 17. Nxe6 fxe6 18. Bxg5 Qxg5 19. Rxe6 Qf4 20. c3
Qxf2+ 21. Kh2 Rae8 22. Rxe8 Rxe8 23. Qh5 Re3 24. Qf5 Qg3+ 25. Kh1 Rxd3 26.
Qxd7 Rd2 27. Qc8+ Kh7 28. Qf5+ Qg6 29. Qf3 Rxb2 30. Kh2 Rd2 31. Re1 Rd3 32.
Re3 Rxe3 33. Qxe3 Qf6 34. Qd3+ g6 35. Qe3 Kg7 36. Qg3 Qe7 37. Qf3 Qd6+ 38.
Kg1 b6 39. Qe3 c5 40. Qd2 g5 41. Qb2 cxd4 42. cxd4 Kf6 43. Qe2 Qf4 44. Qd3
Qe4 45. Qc3 Qb1+ 46. Kh2 Qxa2 47. Qc6+ Kf5 48. Qxh6 Qd2 49. Qg7 Qf4+ 50.
Kg1 Ke4 51. Qxa7 Qe3+ 52. Kh2 Qxd4 53. Qh7+ Ke3 54. Qg6 Qf4+ 55. Kg1 d4 56.
Qxb6 Ke2 57. Qb2+ Qd2 58. Qb5+ d3 59. Kh1 Qc1+ 60. Kh2 Qe3 61. Kh1 Kd1 62.
Qb1+ Ke2 63. Qb5 Qe4 64. Qb2+ d2 65. Qb5+ Ke1 66. Qxg5 d1=Q 67. Qg3+ Kd2+
68. Kh2 Qde1 69. Qd6+ Qd3 70. Qb4+ Ke2 71. Qe7+ Kf1 72. Qxe1+ Kxe1 73. h4
Kf2 74. h5 Qg3+ 75. Kh1 Qxg2# { White checkmated } 0-1

[Event "ICC tourney 2579 (30 10)"]
[Site "Internet Chess Club"]
[Date "2021.05.23"]
[Round "7"]
[White "DUNIKOV, GLIB:GlibNest"]
[Black "Kumar, Agrim:agrimjax1"]
[Result "0-1"]
[ICCResult "White checkmated"]
[WhiteElo "1511"]
[BlackElo "1517"]
[Opening "Sicilian: wing gambit, Carlsbad variation"]
[ECO "B20"]
[NIC "SI.48"]
[Time "15:00:39"]
[PlyCount "174"]
[TimeControl "1800+10"]

1. e4 c5 2. b4 cxb4 3. a3 bxa3 4. d4 a2 5. Rxa2 d6 6. Nf3 Nf6 7. Bd3 Bg4 8.
O-O Nc6 9. c3 e6 10. Bg5 Be7 11. Nbd2 O-O 12. h3 Bh5 13. Qc2 e5 14. d5 Nb8
15. Rb2 b6 16. Bb5 Bg6 17. Qd3 Nbd7 18. Bc6 Nc5 19. Qc2 Rc8 20. Bxf6 Bxf6
21. Ra2 Qc7 22. Re1 Nd7 23. Rea1 a5 24. c4 Nb8 25. Bb5 Nd7 26. Nb3 Nc5 27.
Nxc5 Qxc5 28. Bc6 Be7 29. Rb2 Rxc6 30. dxc6 Qxc6 31. Nd2 Rc8 32. Rab1 Bd8
33. Re1 f6 34. Qb3 Kh8 35. Qb5 Qb7 36. Qxa5 h6 37. Qd5 Qc7 38. Rc2 Bf7 39.
Qb5 Bg6 40. Re3 Ra8 41. Kh2 Ra5 42. Qb4 Rc5 43. Nb3 Rc6 44. f3 d5 45. c5
bxc5 46. Rxc5 Rxc5 47. Qxc5 Qxc5 48. Nxc5 Bb6 49. Rc3 d4 50. Rc1 Ba5 51.
Nd3 Bd2 52. Rc2 Bc3 53. g3 Bf7 54. Nc1 Kh7 55. f4 Be8 56. Kg2 Bc6 57. Re2
exf4 58. gxf4 f5 59. Nb3 d3 60. Rf2 fxe4 61. Kf1 e3 62. Rh2 e2+ 63. Rxe2
dxe2+ 64. Kxe2 Bd7 65. Kf3 Bxh3 66. Kg3 Be6 67. Nc5 Bf7 68. Ne4 Bb2 69. Nd6
Kg6 70. Ne4 Ba3 71. Nd2 Bb4 72. Nf1 Be1+ 73. Kf3 Bd5+ 74. Ke3 Kf5 75. Nh2
Bg3 76. Nf1 Bxf4+ 77. Kf2 g5 78. Kg1 Bc4 79. Nh2 Bxh2+ 80. Kxh2 g4 81. Kg2
h5 82. Kg3 h4+ 83. Kg2 g3 84. Kh3 Kf4 85. Kg2 h3+ 86. Kg1 h2+ 87. Kh1 Bd5#
{ White checkmated } 0-1

[Event "ICC tourney 2579 (30 10)"]
[Site "Internet Chess Club"]
[Date "2021.05.23"]
[Round "8"]
[White "Ma, Tristan:xiaobear"]
[Black "BAUTISTA, LUIS VINCENT:harrymanoc"]
[Result "1-0"]
[ICCResult "Black checkmated"]
[WhiteElo "1353"]
[BlackElo "625"]
[Opening "Ruy Lopez: Möller defense"]
[ECO "C78"]
[NIC "RL.12"]
[Time "17:01:40"]
[PlyCount "93"]
[TimeControl "1800+10"]

1. e4 e5 2. Nf3 Nc6 3. Bb5 a6 4. Ba4 Nf6 5. O-O Bc5 6. Re1 Ng4 7. Rf1 O-O
8. d3 d6 9. h3 Bxf2+ 10. Rxf2 Nxf2 11. Kxf2 h6 12. Nbd2 b5 13. Bb3 Be6 14.
Nf1 Bxb3 15. axb3 f5 16. exf5 Rxf5 17. Kg1 Qf6 18. Ng3 Rxf3 19. Qxf3 Rf8
20. Qxf6 Rxf6 21. Rxa6 Nb8 22. Ra8 Rf8 23. Be3 d5 24. Ba7 Nc6 25. Rxf8+
Kxf8 26. Bc5+ Kg8 27. Kf2 d4 28. Nf5 Kf7 29. Kf3 Kg6 30. Ne7+ Nxe7 31. Bxe7
Kf5 32. Bd8 c6 33. Be7 g6 34. Bf8 h5 35. g4+ hxg4+ 36. hxg4+ Kg5 37. Bg7
Kh4 38. Bxe5 c5 39. Bd6 c4 40. bxc4 bxc4 41. dxc4 d3 42. cxd3 g5 43. c5 Kh3
44. c6 Kh4 45. c7 Kh3 46. c8=Q Kh4 47. Qh8# { Black checkmated } 1-0

[Event "ICC tourney 2579 (30 10)"]
[Site "Internet Chess Club"]
[Date "2021.05.23"]
[Round "8"]
[White "TISMINEZKY, TAVI:tavit2"]
[Black "HUANG, IVAN:ihuang"]
[Result "0-1"]
[ICCResult "White checkmated"]
[WhiteElo "1027"]
[BlackElo "1462"]
[Opening "French defense"]
[ECO "C00"]
[NIC "FR.01"]
[Time "17:01:31"]
[PlyCount "134"]
[TimeControl "1800+10"]

1. e4 e6 2. Nf3 d5 3. exd5 exd5 4. d4 Nc6 5. Nc3 Bb4 6. Be3 Nge7 7. Bb5 a6
8. Ba4 O-O 9. O-O Bg4 10. Bxc6 bxc6 11. h3 Bh5 12. Nb1 Nf5 13. c3 Nxe3 14.
fxe3 Bd6 15. Nbd2 Bg3 16. Qc2 Qe7 17. Qd3 Bg6 18. Qe2 c5 19. Nb3 c4 20. Nc5
Bd6 21. Na4 Bd3 22. Qf2 Bxf1 23. Rxf1 Rfe8 24. Re1 Rab8 25. Nd2 Qd7 26. b3
cxb3 27. axb3 c6 28. c4 Qc7 29. c5 Bg3 30. Qf1 Bxe1 31. Qxe1 Qe7 32. Kf2
Qh4+ 33. g3 Qxh3 34. Nf3 Qf5 35. Nb6 Qc2+ 36. Kf1 Qxb3 37. Kf2 Rxb6 38.
cxb6 Qxb6 39. Ne5 c5 40. Qa1 cxd4 41. exd4 Rxe5 42. Kf3 Re8 43. Qa4 Rc8 44.
Qd7 Qc6 45. Qe7 h6 46. Qa7 Qf6+ 47. Ke3 Rc3+ 48. Kd2 Rxg3 49. Qb8+ Kh7 50.
Qxg3 Qg5+ 51. Qxg5 hxg5 52. Ke3 a5 53. Kd3 g4 54. Ke3 a4 55. Kd3 a3 56. Kc3
g3 57. Kb3 g2 58. Kxa3 g1=Q 59. Kb4 Qc1 60. Kb5 Qc4+ 61. Kb6 Kg6 62. Kb7
Kf6 63. Ka8 Qb5 64. Ka7 Ke7 65. Ka8 Kd7 66. Ka7 Kc7 67. Ka8 Qb8# { White
checkmated } 0-1

[Event "ICC tourney 2579 (30 10)"]
[Site "Internet Chess Club"]
[Date "2021.05.23"]
[Round "8"]
[White "SURESH, ARJUN:dolphinday"]
[Black "HEBBAR, ESHAAN:solveur"]
[Result "0-1"]
[ICCResult "White checkmated"]
[WhiteElo "1120"]
[BlackElo "1658"]
[Opening "QGD Slav: Czech defense"]
[ECO "D17"]
[NIC "SL.04"]
[Time "17:01:31"]
[PlyCount "118"]
[TimeControl "1800+10"]

1. d4 d5 2. c4 c6 3. Nf3 Nf6 4. Nc3 dxc4 5. a4 Bf5 6. Bf4 Nd5 7. Bg3 e6 8.
e3 Nb4 9. e4 Bg4 10. Be2 Bxf3 11. Bxf3 Qxd4 12. O-O Nd3 13. Be2 Bc5 14.
Bxd3 Qxd3 15. Qxd3 cxd3 16. Rad1 Nd7 17. Rxd3 O-O-O 18. Rfd1 Nb6 19. b3 a5
20. Bh4 f6 21. e5 g5 22. Bg3 f5 23. h4 h6 24. h5 Nd5 25. Nxd5 Rxd5 26. Rxd5
cxd5 27. Rc1 b6 28. Kf1 Kb7 29. f3 f4 30. Be1 Rg8 31. Rd1 Rc8 32. Bc3 Be3
33. Rd3 d4 34. Bxd4 Rd8 35. Rxe3 fxe3 36. Bxe3 Rd3 37. Bf2 Rxb3 38. Ke2
Rb2+ 39. Ke3 Kc6 40. Be1 Kd5 41. g4 Rb3+ 42. Kd2 Kxe5 43. Kd1 Rxf3 44. Ke2
Ke4 45. Bf2 Rxf2+ 46. Kxf2 Kd3 47. Ke1 Ke3 48. Kd1 e5 49. Ke1 e4 50. Kd1
Kf2 51. Kd2 e3+ 52. Kc2 e2 53. Kc1 e1=Q+ 54. Kb2 Qe3 55. Kc2 Ke2 56. Kb1
Qd2 57. Ka1 Kd3 58. Kb1 Kc3 59. Ka1 Qb2# { White checkmated } 0-1

[Event "ICC tourney 2579 (30 10)"]
[Site "Internet Chess Club"]
[Date "2021.05.23"]
[Round "8"]
[White "XIA, JOSHUA:MathMonkey"]
[Black "JIN, DAVID:smartgoldfish"]
[Result "0-1"]
[ICCResult "White checkmated"]
[WhiteElo "1381"]
[BlackElo "1400"]
[Opening "Sicilian: dragon, classical, Richter variation"]
[ECO "B73"]
[NIC "SI.15"]
[Time "17:01:32"]
[PlyCount "64"]
[TimeControl "1800+10"]

1. e4 c5 2. Nf3 d6 3. d4 cxd4 4. Nxd4 Nf6 5. Nc3 g6 6. Be2 Bg7 7. Be3 O-O
8. O-O Nc6 9. Qd2 a6 10. f3 Qc7 11. Rac1 b5 12. Nxc6 Qxc6 13. Nd5 Nxd5 14.
exd5 Qc7 15. c4 Qd7 16. cxb5 axb5 17. a3 Bb7 18. Rfd1 Rac8 19. Rxc8 Rxc8
20. Qb4 Ba6 21. a4 Rb8 22. Ra1 h5 23. axb5 Bxb5 24. Ra5 Bxe2 25. Qxb8+ Kh7
26. Kf2 Bd3 27. Qa7 Qc8 28. Kg3 Be5+ 29. Bf4 h4+ 30. Kxh4 Bxf4 31. Qxe7 g5+
32. Kh5 Bg6# { White checkmated } 0-1

[Event "ICC tourney 2579 (30 10)"]
[Site "Internet Chess Club"]
[Date "2021.05.23"]
[Round "8"]
[White "WADUTHANTHREE, THIHANSA OVINDEE:thihansa"]
[Black "Hanke, Harvey:ThinkingPanda"]
[Result "0-1"]
[ICCResult "White resigns"]
[WhiteElo "1311"]
[BlackElo "1421"]
[Opening "Scotch: Potter variation"]
[ECO "C45"]
[NIC "SO.05"]
[Time "17:01:32"]
[PlyCount "59"]
[TimeControl "1800+10"]

1. e4 e5 2. Nf3 Nc6 3. d4 exd4 4. Nxd4 Bc5 5. Nb3 Bb6 6. a4 a6 7. Nc3 Nf6
8. Be2 d6 9. O-O Be6 10. Ra3 Qd7 11. Kh1 h6 12. f3 g5 13. Nd5 Bxd5 14. exd5
Ne5 15. f4 gxf4 16. Bxf4 Qe7 17. c4 O-O-O 18. a5 Ba7 19. Nd4 Ng6 20. Nf5
Qe4 21. Bxh6 Qe5 22. b3 Ng8 23. Qd2 Nxh6 24. Nxh6 Be3 25. Ng4 Rxh2+ 26.
Nxh2 Bxd2 27. Bg4+ Kb8 28. Nf3 Rh8+ 29. Bh3 Qe2 30. Raa1 { White resigns }
0-1

[Event "ICC tourney 2579 (30 10)"]
[Site "Internet Chess Club"]
[Date "2021.05.23"]
[Round "8"]
[White "XIAO, MARINA:marinaxiao"]
[Black "CHERUKURI, NITESH:Niteshc"]
[Result "1-0"]
[ICCResult "Black resigns"]
[WhiteElo "1547"]
[BlackElo "1746"]
[Opening "Caro-Kann: Panov-Botvinnik attack"]
[ECO "B13"]
[NIC "CK.03"]
[Time "17:01:32"]
[PlyCount "65"]
[TimeControl "1800+10"]

1. e4 c6 2. d4 d5 3. exd5 cxd5 4. c4 Nf6 5. Nc3 Nc6 6. Nf3 g6 7. cxd5 Nxd5
8. Be2 Bg7 9. O-O O-O 10. Bc4 Nb6 11. Bb3 Nxd4 12. Nxd4 Qxd4 13. Qe2 Qh4
14. Re1 e6 15. Ne4 Qe7 16. Bf4 Rd8 17. Qf3 Bxb2 18. Rab1 Bf6 19. Bd6 Rxd6
20. Nxd6 Qxd6 21. Qxf6 Bd7 22. Red1 Qc7 23. Rbc1 Bc6 24. Rd2 Nd7 25. Qe7
Qf4 26. Rdd1 Qe4 27. Rxc6 bxc6 28. Qxd7 Rb8 29. Qxa7 Rb5 30. h3 Rg5 31.
Rd8+ Kg7 32. Qd4+ Qxd4 33. Rxd4 { Black resigns } 1-0